 Dungeon Crawl Stone Soup version 0.30.0-10-gfe55d96785 (webtiles) character file.

Game seed: 3152554471854058229

15221 qw the Cleaver (level 12, 0/77 HPs)
             Began as a Gargoyle Cinder Acolyte on May 17, 2023.
             Was a Believer of Okawaru.
             Killed from afar by a fire dragon (43 damage)
             ... with a blast of flame
             ... on level 15 of the Dungeon.
             The game lasted 00:06:48 (12754 turns).

qw the Cleaver (Gargoyle Cinder Acolyte)           Turns: 12754, Time: 00:06:48

Health: 0/77       AC: 31    Str: 25    XL:     12   Next: 24%
Magic:  13/15      EV:  8    Int: 19    God:    Okawaru [**....]
Gold:   209        SH:  5    Dex:  4    Spells: 13/13 levels left

rFire   . . .        c - +1 broad axe (venom)
rCold   + . .        b - +0 buckler
rNeg    + . .        h - +3 plate armour
rPois   inf          (no helmet)
rElec   +            m - scarf of the Valley {rC+ rF+, Will++ Str+3 Slay+2 Stlth-}
rCorr   .            (no gloves)
SInv    .            (no boots)
Will    +++..        (no amulet) Stlth
                     v - ring of protection from fire
HPRegen 1.12/turn    w - +4 ring of protection
MPRegen 0.14/turn

%: no passive effects
@: heroic, flying, fire susceptible
A: sickness immunity, AC +8, negative energy resistance 1, electricity
resistance, torment resistance 1, petrification resistance, big wings, talons 1,
clever 1, strong-willed 1, regeneration 1
a: Renounce Religion, Heroism


You were on level 15 of the Dungeon.
You worshipped Okawaru.
Okawaru was pleased with you.
You visited 2 branches of the dungeon, and saw 15 of its levels.

You collected 865 gold pieces.
You spent 656 gold pieces at shops.


Innate Abilities, Weirdness & Mutations

You are immune to sickness and miasma.
Your stone body is resilient. (AC +8)
You are immune to poison.
You resist negative energy. (rN+)
You are resistant to electric shocks. (rElec)
You are resistant to unholy torment.
You are immune to petrification.
Your large and strong wings let you fly.
You have sharp toenails.
Your mind is acute. (Int +4, Str/Dex -1)
You are strong-willed. (Will+)
Your natural rate of healing is unusually fast.


   Skills:
 - Level 10.3(15.3) Fighting
 - Level 13.1(18.1) Axes
 - Level 3.5(8.5) Throwing
 + Level 7.1(12.1) Armour
 - Level 1.1(6.1) Dodging
 - Level 6.1(11.1) Shields
 - Level 1.0 Spellcasting
 - Level 3.0 Fire Magic
 - Level 4.0 Invocations


You had 13 spell levels left.
You didn't know any spells.
Your spell library contained the following spells:

 Spells                   Type           Power      Damage    Failure   Level
 Scorch                   Fire           24%        2d6       63%         2

Inventory:

Hand Weapons
 c - a +1 broad axe of venom (weapon)
 u - a +2 war axe of flaming
Missiles
 g - 4 boomerangs (quivered)
Armour
 b - a +0 buckler (worn)
 h - a +3 plate armour (worn)
 j - a +2 cloak
 m - the scarf of the Valley (worn) {rC+ rF+, Will++ Str+3 Slay+2 Stlth-}
   (You acquired it on level 9 of the Dungeon)

   Str:       It affects your strength (+3).
   Slay:      It affects your accuracy & damage with ranged weapons and melee
   (+2).
   Will:      It greatly increases your willpower.
   Stlth:     It makes you less stealthy.
Jewellery
 v - a ring of protection from fire (left hand)
 w - a +4 ring of protection (right hand)
 x - a ring of protection from cold
Wands
 n - a wand of digging (3)
Scrolls
 a - 3 scrolls of identify
 k - 4 scrolls of teleportation
Potions
 d - a potion of resistance
 f - 6 potions of heal wounds
 i - a potion of might
 o - a potion of cancellation
 p - a potion of magic
 q - 2 potions of haste
 t - 6 potions of curing

Dungeon Overview and Level Annotations

Branches:
Dungeon (13/15)            Temple (1/1) D:4             Orc (0/2) D:9
   Lair: D:8-11      Vaults: D:13-14

Altars:
Ashenzari
Cheibriados
Dithmenos
Elyvilon
Fedhas
Gozag
Hepliaklqana
Kikubaaqudgha
Makhleb
Nemelex Xobeh
Okawaru
Qazlal
Ru
Sif Muna
Trog
Uskayaw
Vehumet
Wu Jian
Xom
Yredelemnul
Zin
The Shining One

Shops:
D:3 =?=   D:8 **=:=   D:9 *   D:15 *

Annotations:
D:4 1 runed translucent door, Crazy Yiuf


Message History

Rupert hits you but does no damage.
You slice Rupert!!
Rupert looks as sick as possible!
You claw Rupert!
Rupert is heavily wounded.
Rupert barely misses you.
You slice Rupert!! Your kick misses Rupert.
Rupert is severely wounded.
Rupert hits you with a +3 antimagic battleaxe!!
You feel your power leaking away.
You slice Rupert!!
Rupert looks as sick as possible!
You claw Rupert!
Rupert is almost dead.
Rupert barely misses you.
You hit Rupert but do no damage.
Rupert looks as sick as possible!
Your kick misses Rupert.
Rupert is almost dead.
Rupert hits you with a +3 antimagic battleaxe!
You feel your power leaking away.
You hit Rupert.
Rupert looks as sick as possible!
You claw Rupert!
Rupert is almost dead.
Rupert hits you but does no damage.
You slash Rupert!
You kill Rupert!
Okawaru is honoured by your kill.
Your base Throwing skill gained 2 levels and is now at level 3!
You start resting.
You feel like a meek peon again.
HP restored.
Magic restored.
Items here: ! % ) [.
Found a club.
You see here a +0 club.
A manticore and a fire dragon come into view.
12751 ||| INVOKING Heroism.
You gain the combat prowess of a mighty hero.
The fire dragon breathes flames at you. The blast of flame hits you!!!
You hear a shout!
The fire dragon breathes flames at you. The blast of flame hits you!!!
Ouch! That really hurt!
You die...

....~~~ ......
#.... ##H.. ...
#.# ##.##
#.#####...### .
#...D@......#
####.
#######...#.#
....# ##.##.#
...#. #.##.#
...##### #.##.#
#..##..# #.##.#
#......#
#.##.##########
.\...#.# #.
#....)......
..##.#.#
############


You could see a fire dragon (catching breath).

Vanquished Creatures
  Rupert (D:15)
  Erolcha (D:13)
  A boulder beetle (D:12)
  A centaur warrior (D:13)
  A tengu warrior (D:13)
  Pikel (D:8)
  2 deep elf pyromancers
  A manticore (D:13)
  Joseph (D:8)
  Maurice (D:9)
  A komodo dragon (D:10)
  A troll (shapeshifter) (D:13)
  2 vampires
  3 shadows
  12 yaks
  3 fire elementals (D:13)
  A wraith (D:10)
  A basilisk (D:12)
  A steam dragon (D:7)
  Menkaure (D:4)
  Edmund (D:4)
  4 water moccasins
  3 ice beasts
  2 black bears
  2 ogres
  6 orc warriors
  10 centaurs
  2 lemures (D:8)
  4 phantoms
  4 kobold brigands
  2 gnoll sergeants
  4 bullfrogs
  2 scorpions
  12 wights
  A troll zombie (D:9)
  6 howler monkeys
  6 hounds
  2 jellies
  10 orc priests
  2 sleepcaps
  Ijyb (D:5)
  An iguana (D:4)
  Natasha (twice) (D:3)
  7 orc wizards
  4 ogre zombies (D:9)
  9 adders
  21 gnolls
  A shadow imp (D:8)
  2 white imps
  A dart slug (D:3)
  29 orcs
  3 ball pythons
  4 endoplasms
  7 goblins
  14 hobgoblins
  10 jackals
  20 kobolds
  5 quokkas
  8 bats
  A frilled lizard (D:1)
  3 goblin skeletons (D:9)
  A goblin zombie (D:9)
  A hobgoblin zombie (D:9)
  4 orc skeletons (D:9)
  10 orc zombies (D:9)
  8 rats
299 creatures vanquished.

Notes
Turn   | Place    | Note
-------+----------+-------------------------------------------
     0 | D:1      | qw the Gargoyle Cinder Acolyte began the quest for the Orb.
     0 | D:1      | Reached XP level 1. HP: 14/14 MP: 2/2
     0 | D:1      | 0 ||| qw: Version: 0.2-a-95-g4c1bab1
     0 | D:1      | 0 ||| qw: Game counter: 155
     0 | D:1      | 0 ||| qw: Always use a shield: true
     0 | D:1      | 0 ||| qw: God list: Okawaru
     0 | D:1      | 0 ||| qw: Allow faded altars: false
     0 | D:1      | 0 ||| qw: Do Orc after D:15 true
     0 | D:1      | 0 ||| qw: Do second Lair branch before Depths: true
     0 | D:1      | 0 ||| qw: Lair rune preference: random
     0 | D:1      | 0 ||| qw: Plans: Normal
     0 | D:1      | 0 ||| PLANNING D:1-11
    93 | D:1      | HP: 2/14 [frozen (4)]
    94 | D:1      | 94 ||| INVOKING Fiery Armour.
    95 | D:1      | Reached skill level 3 in Axes
   167 | D:1      | Reached XP level 2. HP: 19/19 MP: 3/3
   223 | D:1      | 223 ||| Stepping ~*~*~tactically~*~*~ (stealth).
   225 | D:1      | 225 ||| Stepping ~*~*~tactically~*~*~ (stealth).
   408 | D:1      | 408 ||| Stepping ~*~*~tactically~*~*~ (hiding).
   409 | D:1      | 409 ||| Stepping ~*~*~tactically~*~*~ (hiding).
   577 | D:1      | Reached XP level 3. HP: 23/23 MP: 4/4
   817 | D:1      | 817 ||| UPGRADING to +0 leather armour.
   827 | D:1      | 827 ||| DROPPING +0 robe.
   828 | D:1      | 828 ||| READING 2 scrolls labelled PABBATS ISCHOE.
   829 | D:1      | 829 ||| READING scroll labelled WEDWUDW HEHIRGH.
   830 | D:1      | 830 ||| READING 2 scrolls labelled JEIMYR NAUS.
   831 | D:1      | 831 ||| READING scroll labelled BAM FISOCSAU.
   832 | D:1      | 832 ||| READING scroll labelled EHOCLU XIOXEKH.
   833 | D:1      | 833 ||| DRINKING 2 clear potions.
   874 | D:1      | 874 ||| DRINKING 2 fuming golden potions.
   875 | D:1      | 875 ||| DROPPING potion of lignification.
   876 | D:1      | 876 ||| DROPPING potion of degeneration.
   950 | D:2      | 950 ||| Stepping ~*~*~tactically~*~*~ (stealth).
   951 | D:2      | 951 ||| Stepping ~*~*~tactically~*~*~ (stealth).
  1031 | D:2      | 1031 ||| Stepping ~*~*~tactically~*~*~ (stealth).
  1032 | D:2      | 1032 ||| Stepping ~*~*~tactically~*~*~ (stealth).
  1033 | D:2      | 1033 ||| Stepping ~*~*~tactically~*~*~ (stealth).
  1163 | D:2      | Reached skill level 4 in Axes
  1272 | D:2      | Reached XP level 4. HP: 25/28 MP: 5/5
  1385 | D:2      | 1385 ||| Stepping ~*~*~tactically~*~*~ (hiding).
  1386 | D:2      | 1386 ||| Stepping ~*~*~tactically~*~*~ (hiding).
  1746 | D:2      | 1746 ||| UPGRADING to +0 buckler.
  1751 | D:2      | 1751 ||| UPGRADING to amulet of guardian spirit.
  1756 | D:2      | 1756 ||| READING scroll labelled KIOHUN VUSYQOM.
  1757 | D:2      | 1757 ||| READING scroll labelled NATWUT PORRUH.
  1760 | D:2      | 1760 ||| DRINKING 2 sedimented silvery potions.
  1773 | D:3      | Found Elutet's Magic Scroll Shop.
  1777 | D:3      | 1777 ||| BUYING scroll of enchant armour (97 gold).
  1777 | D:3      | Bought a scroll of enchant armour for 97 gold pieces
  1777 | D:3      | 1777 ||| SHOPLISTING scroll of enchant armour (97 gold,
                  | have 11).
  1777 | D:3      | 1777 ||| SHOPLISTING scroll of enchant weapon (97 gold,
                  | have 11).
  1777 | D:3      | 1777 ||| SHOPLISTING scroll of identify (26 gold, have 11).
  1825 | D:3      | 1825 ||| Stepping ~*~*~tactically~*~*~ (hiding).
  1964 | D:3      | Noticed Natasha
  1972 | D:3      | 1972 ||| INVOKING Fiery Armour.
  1977 | D:3      | Killed Natasha
  1978 | D:3      | Reached skill level 1 in Shields
  2069 | D:3      | Found a snail-covered altar of Cheibriados.
  2128 | D:3      | 2128 ||| Stepping ~*~*~tactically~*~*~ (hiding).
  2142 | D:3      | Found Woixay's Jewellery Emporium.
  2143 | D:3      | You fall into a shaft and drop 2 floors!
  2143 | D:5      | Entered Level 5 of the Dungeon
  2284 | D:3      | Found Coimo's Jewellery Emporium.
  2292 | D:3      | 2292 ||| SHOPLISTING +4 ring of protection (360 gold, have
                  | 60).
  2292 | D:3      | 2292 ||| SHOPLISTING +6 ring of dexterity (360 gold, have
                  | 60).
  2292 | D:3      | 2292 ||| SHOPLISTING ring of fire (250 gold, have 60).
  2296 | D:3      | Noticed Natasha
  2297 | D:3      | 2297 ||| Stepping ~*~*~tactically~*~*~ (stealth).
  2298 | D:3      | 2298 ||| Stepping ~*~*~tactically~*~*~ (stealth).
  2299 | D:3      | 2299 ||| Stepping ~*~*~tactically~*~*~ (stealth).
  2311 | D:3      | 2311 ||| INVOKING Fiery Armour.
  2316 | D:3      | Killed Natasha
  2317 | D:3      | Reached XP level 5. HP: 14/32 MP: 3/6
  2455 | D:3      | 2455 ||| SHOPLISTING +5 ring of evasion (432 gold, have
                  | 60).
  2455 | D:3      | 2455 ||| SHOPLISTING amulet of reflection (360 gold, have
                  | 60).
  2455 | D:3      | 2455 ||| SHOPLISTING amulet of the acrobat (360 gold, have
                  | 60).
  2455 | D:3      | 2455 ||| SHOPLISTING ring of fire (300 gold, have 60).
  2455 | D:3      | 2455 ||| SHOPLISTING ring of ice (300 gold, have 60).
  2455 | D:3      | 2455 ||| SHOPLISTING ring of resist corrosion (240 gold,
                  | have 60).
  2460 | D:3      | 2460 ||| INVOKING Fiery Armour.
  2474 | D:3      | Reached skill level 5 in Axes
  2553 | D:3      | Found a white marble altar of Elyvilon.
  2553 | D:3      | Found a broken altar of Ashenzari.
  2563 | D:3      | Found a shimmering blue altar of Sif Muna.
  2572 | D:3      | Found a shimmering altar of Xom.
  2574 | D:3      | Found a basalt altar of Yredelemnul.
  2579 | D:3      | Found an ornate altar of the Wu Jian Council.
  2711 | D:3      | 2711 ||| Stepping ~*~*~tactically~*~*~ (stealth).
  2743 | D:3      | 2743 ||| Stepping ~*~*~tactically~*~*~ (stealth).
  2747 | D:3      | 2747 ||| Stepping ~*~*~tactically~*~*~ (stealth).
  2748 | D:3      | 2748 ||| Stepping ~*~*~tactically~*~*~ (stealth).
  2750 | D:3      | 2750 ||| Stepping ~*~*~tactically~*~*~ (stealth).
  2821 | D:3      | Reached XP level 6. HP: 38/38 MP: 7/7
  2851 | D:3      | 2851 ||| UPGRADING to +0 scale mail.
  2861 | D:3      | 2861 ||| DROPPING +0 leather armour.
  2862 | D:3      | 2862 ||| READING 3 scrolls of identify.
  2862 | D:3      | 2862 ||| IDENTIFYING blue potion
  2863 | D:3      | 2863 ||| READING 2 scrolls of identify.
  2863 | D:3      | 2863 ||| IDENTIFYING silvery potion
  2877 | D:4      | 2877 ||| Stepping ~*~*~tactically~*~*~ (hiding).
  2883 | D:4      | 2883 ||| DRINKING potion of curing.
  2883 | D:4      | 2883 ||| (to cure confusion)
  2898 | D:4      | Noticed a black bear
  2899 | D:4      | 2899 ||| INVOKING Fiery Armour.
  2900 | D:4      | Reached skill level 1 in Armour
  2905 | D:4      | Killed a black bear
  2949 | D:4      | Reached skill level 6 in Axes
  2949 | D:4      | Reached XP level 7. HP: 20/43 MP: 2/8
  3045 | D:4      | 3045 ||| SWAPPING to +0 war axe.
  3046 | D:4      | Found a staircase to the Ecumenical Temple.
  3103 | D:4      | Reached skill level 3 in Shields
  3155 | D:4      | 3155 ||| Stepping ~*~*~tactically~*~*~ (hiding).
  3159 | D:4      | 3159 ||| Stepping ~*~*~tactically~*~*~ (hiding).
  3331 | D:4      | 3331 ||| Stepping ~*~*~tactically~*~*~ (hiding).
  3340 | D:4      | 3340 ||| DRINKING potion of curing.
  3340 | D:4      | 3340 ||| (to cure confusion)
  3388 | D:4      | Noticed Menkaure
  3389 | D:4      | 3389 ||| Stepping ~*~*~tactically~*~*~ (hiding).
  3392 | D:4      | 3392 ||| Stepping ~*~*~tactically~*~*~ (hiding).
  3399 | D:4      | Killed Menkaure
  3400 | D:4      | Reached skill level 7 in Axes
  3516 | D:4      | 3516 ||| Stepping ~*~*~tactically~*~*~ (stealth).
  3517 | D:4      | 3517 ||| Stepping ~*~*~tactically~*~*~ (stealth).
  3518 | D:4      | 3518 ||| Stepping ~*~*~tactically~*~*~ (stealth).
  3550 | D:4      | 3550 ||| Stepping ~*~*~tactically~*~*~ (stealth).
  3566 | D:4      | Reached XP level 8. HP: 45/48 MP: 7/9
  3710 | D:4      | 3710 ||| Stepping ~*~*~tactically~*~*~ (stealth).
  3766 | D:4      | Found a runed translucent door.
  3767 | D:4      | Noticed Crazy Yiuf
  3839 | D:4      | Found a faded altar of an unknown god.
  3840 | D:4      | Found a hazy altar of Hepliaklqana.
  3871 | D:4      | Reached skill level 1 in Throwing
  4000 | D:4      | Found an opulent altar of Gozag.
  4000 | D:4      | Found an ancient bone altar of Kikubaaqudgha.
  4018 | D:4      | Noticed Edmund
  4028 | D:4      | 4028 ||| INVOKING Fiery Armour.
  4032 | D:4      | Killed Edmund
  4033 | D:4      | 4033 ||| Stepping ~*~*~tactically~*~*~ (hiding).
  4042 | D:4      | HP: 9/49 [gnoll/+0 halberd[a gnoll sergeant] (7)]
  4043 | D:4      | 4043 ||| DRINKING 3 potions of heal wounds.
  4307 | D:4      | Identified the +2 dagger of the Changing Genius {freeze,
                  | Will+ Int+3}
  4407 | D:4      | 4407 ||| UPGRADING to +0 chain mail.
  4417 | D:4      | 4417 ||| DROPPING +0 scale mail.
  4418 | D:4      | 4418 ||| READING scroll labelled TUTOSA QUPPELIH.
  4419 | D:4      | 4419 ||| READING scroll labelled XYSAER MIJECANURPHE.
  4541 | D:5      | Reached skill level 3 in Armour
  4682 | D:5      | Reached skill level 8 in Axes
  4862 | D:5      | 4862 ||| Stepping ~*~*~tactically~*~*~ (stealth).
  4874 | D:5      | Reached skill level 6 in Fighting
  4918 | D:5      | Noticed Ijyb
  4932 | D:5      | Killed Ijyb
  5025 | D:5      | Reached XP level 9. HP: 55/55 MP: 10/10
  5293 | D:5      | Reached skill level 9 in Axes
  5437 | D:5      | 5437 ||| UPGRADING to +0 plate armour.
  5447 | D:5      | 5447 ||| UPGRADING to +0 cloak.
  5452 | D:5      | 5452 ||| DROPPING +0 chain mail.
  5453 | D:5      | 5453 ||| READING 2 scrolls of enchant armour.
  5453 | D:5      | 5453 ||| ENCHANTING +0 cloak.
  5454 | D:5      | 5454 ||| READING scroll of enchant armour.
  5454 | D:5      | 5454 ||| ENCHANTING +1 cloak.
  5455 | D:5      | 5455 ||| READING 4 scrolls labelled EMUFFERGH UWIANN.
  5456 | D:5      | 5456 ||| DRINKING 2 orange potions.
  5457 | D:5      | 5457 ||| DRINKING 2 brown potions.
  5562 | D:5      | 5562 ||| READING 3 scrolls of identify.
  5562 | D:5      | 5562 ||| IDENTIFYING fuming black potion
  5563 | D:5      | 5563 ||| READING 2 scrolls of identify.
  5563 | D:5      | 5563 ||| IDENTIFYING green potion
  5564 | D:5      | 5564 ||| DROPPING potion of ambrosia.
  5565 | D:5      | 5565 ||| DROPPING potion of attraction.
  5566 | D:5      | 5566 ||| DROPPING potion of flight.
  5567 | D:5      | 5567 ||| DROPPING 3 scrolls of noise.
  5568 | D:5      | 5568 ||| DROPPING potion of berserk rage.
  5748 | D:6      | 5748 ||| Stepping ~*~*~tactically~*~*~ (stealth).
  5760 | D:6      | 5760 ||| INVOKING Fiery Armour.
  6238 | D:6      | 6238 ||| Stepping ~*~*~tactically~*~*~ (hiding).
  6239 | D:6      | 6239 ||| Stepping ~*~*~tactically~*~*~ (hiding).
  6670 | D:6      | Found a glowing silver altar of Zin.
  7102 | D:7      | 7102 ||| Stepping ~*~*~tactically~*~*~ (hiding).
  7108 | D:7      | 7108 ||| INVOKING Fiery Armour.
  7136 | D:7      | Reached skill level 6 in Armour
  7405 | D:7      | 7405 ||| Stepping ~*~*~tactically~*~*~ (hiding).
  7856 | D:8      | 7856 ||| INVOKING Fiery Armour.
  7922 | D:8      | 7922 ||| Stepping ~*~*~tactically~*~*~ (hiding).
  8046 | D:8      | Reached XP level 10. HP: 54/63 MP: 11/11
  8078 | D:8      | 8078 ||| Stepping ~*~*~tactically~*~*~ (hiding).
  8079 | D:8      | 8079 ||| Stepping ~*~*~tactically~*~*~ (hiding).
  8113 | D:8      | 8113 ||| Stepping ~*~*~tactically~*~*~ (hiding).
  8123 | D:8      | Reached skill level 10 in Axes
  8166 | D:8      | Noticed Pikel
  8195 | D:8      | Killed Pikel
  8357 | D:8      | 8357 ||| INVOKING Fiery Armour.
  8523 | D:8      | Found Quinlui's Assorted Antiques.
  8532 | D:8      | Found Jegoym's Jewellery Shop.
  8546 | D:8      | 8546 ||| BUYING runed cloak (195 gold).
  8546 | D:8      | Bought a runed cloak for 195 gold pieces
  8546 | D:8      | 8546 ||| BUYING scroll labelled AHEN ISUBOL (26 gold).
  8546 | D:8      | Bought a scroll labelled AHEN ISUBOL for 26 gold pieces
  8546 | D:8      | 8546 ||| SHOPLISTING scroll of enchant weapon (195 gold,
                  | have 73).
  8580 | D:8      | 8580 ||| SHOPLISTING +6 ring of dexterity (432 gold, have
                  | 73).
  8580 | D:8      | 8580 ||| SHOPLISTING amulet of the acrobat (360 gold, have
                  | 73).
  8580 | D:8      | 8580 ||| SHOPLISTING ring of fire (300 gold, have 73).
  8580 | D:8      | 8580 ||| SHOPLISTING ring of ice (300 gold, have 73).
  8580 | D:8      | 8580 ||| SHOPLISTING ring of see invisible (180 gold, have
                  | 73).
  8580 | D:8      | 8580 ||| SHOPLISTING ring of willpower (300 gold, have 73).
  8580 | D:8      | Found Luggeczoh's General Store.
  8586 | D:8      | 8586 ||| SHOPLISTING +1 buckler of protection (264 gold,
                  | have 73).
  8586 | D:8      | 8586 ||| SHOPLISTING +3 scale mail of fire resistance (416
                  | gold, have 73).
  8586 | D:8      | 8586 ||| BUYING potion of curing (48 gold).
  8586 | D:8      | Bought a potion of curing for 48 gold pieces
  8590 | D:8      | 8590 ||| DROPPING +0 hand axe of flaming.
  8655 | D:8      | Noticed Joseph
  8667 | D:8      | Killed Joseph
  8785 | D:8      | 8785 ||| READING scroll of enchant armour.
  8785 | D:8      | 8785 ||| ENCHANTING +0 plate armour.
  8960 | D:8      | 8960 ||| READING scroll of enchant armour.
  8960 | D:8      | 8960 ||| ENCHANTING +1 plate armour.
  8982 | D:8      | Found Kobaf's Tremendous Tomes.
  9166 | D:8      | Found Icif's Jewellery Emporium.
  9175 | D:8      | 9175 ||| SHOPLISTING +6 ring of dexterity (504 gold, have
                  | 38).
  9175 | D:8      | 9175 ||| SHOPLISTING +6 ring of strength (504 gold, have
                  | 38).
  9175 | D:8      | 9175 ||| SHOPLISTING amulet of the acrobat (420 gold, have
                  | 38).
  9175 | D:8      | 9175 ||| SHOPLISTING ring of fire (350 gold, have 38).
  9175 | D:8      | 9175 ||| SHOPLISTING ring of ice (350 gold, have 38).
  9175 | D:8      | 9175 ||| SHOPLISTING ring of resist corrosion (280 gold,
                  | have 38).
  9403 | D:8      | 9403 ||| UPGRADING to +1 cloak of willpower.
  9413 | D:8      | 9413 ||| READING scroll labelled AHEN ISUBOL.
  9508 | D:9      | 9508 ||| Stepping ~*~*~tactically~*~*~ (hiding).
  9509 | D:9      | 9509 ||| Stepping ~*~*~tactically~*~*~ (hiding).
  9516 | D:9      | Reached skill level 11 in Axes
  9535 | D:9      | 9535 ||| Stepping ~*~*~tactically~*~*~ (hiding).
  9536 | D:9      | 9536 ||| Stepping ~*~*~tactically~*~*~ (hiding).
  9538 | D:9      | 9538 ||| Stepping ~*~*~tactically~*~*~ (hiding).
  9775 | D:9      | 9775 ||| INVOKING Fiery Armour.
  9781 | D:9      | 9781 ||| Stepping ~*~*~tactically~*~*~ (hiding).
  9866 | D:9      | Reached skill level 1 in Dodging
  9894 | D:9      | 9894 ||| INVOKING Fiery Armour.
 10183 | D:9      | Identified the +9 trident of the Black Skies {heavy, Str+3
                  | Int+2}
 10224 | D:9      | Noticed Maurice
 10260 | D:9      | Killed Maurice
 10261 | D:9      | Reached skill level 9 in Fighting
 10261 | D:9      | Reached XP level 11. HP: 66/71 MP: 10/12
 10323 | D:9      | 10323 ||| Stepping ~*~*~tactically~*~*~ (hiding).
 10376 | D:9      | 10376 ||| INVOKING Fiery Armour.
 10384 | D:9      | 10384 ||| Stepping ~*~*~tactically~*~*~ (stealth).
 10468 | D:9      | 10468 ||| Stepping ~*~*~tactically~*~*~ (stealth).
 10486 | D:9      | 10486 ||| Stepping ~*~*~tactically~*~*~ (stealth).
 10487 | D:9      | 10487 ||| Stepping ~*~*~tactically~*~*~ (stealth).
 10495 | D:9      | Found a staircase to the Orcish Mines.
 10496 | D:9      | 10496 ||| PLANNING TEMPLE
 10506 | D:9      | 10506 ||| Stepping ~*~*~tactically~*~*~ (stealth).
 10511 | D:9      | 10511 ||| Stepping ~*~*~tactically~*~*~ (stealth).
 10512 | D:9      | 10512 ||| UPGRADING to ring of protection from fire.
 10513 | D:9      | 10513 ||| Stepping ~*~*~tactically~*~*~ (stealth).
 10514 | D:9      | 10514 ||| UPGRADING to +4 ring of protection.
 10515 | D:9      | 10515 ||| READING scroll labelled KUJ IPLUEQIL.
 10515 | D:9      | Identified a scroll of acquirement
 10515 | D:9      | 10515 ||| ACQUIRING scarf of the Valley {rC+ rF+, Will++
                  | Str+3 Slay+2 Stlth-}
 10515 | D:9      | Acquired the scarf of the Valley {rC+ rF+, Will++ Str+3
                  | Slay+2 Stlth-}
 10517 | D:9      | 10517 ||| UPGRADING to scarf of the Valley {rC+ rF+, Will++
                  | Str+3 Slay+2 Stlth-}.
 10529 | D:9      | 10529 ||| DROPPING +1 cloak of willpower.
 10530 | D:9      | 10530 ||| READING scroll labelled TIOQYU CIAFEK.
 10531 | D:9      | 10531 ||| DRINKING 2 pink potions.
 10531 | D:9      | Gained mutation: You are strong-willed. (Will+) [potion of
                  | mutation]
 10531 | D:9      | Gained mutation: You do not regenerate when monsters are
                  | visible. [potion of mutation]
 10531 | D:9      | Gained mutation: You are agile. (Dex +4, Str/Int -1)
                  | [potion of mutation]
 10531 | D:9      | Gained mutation: Your mind is acute. (Int +4, Str/Dex -1)
                  | [potion of mutation]
 10532 | D:9      | 10532 ||| DRINKING potion of mutation.
 10532 | D:9      | Lost mutation: You do not regenerate when monsters are
                  | visible. [potion of mutation]
 10532 | D:9      | Lost mutation: You are agile. (Dex +4, Str/Int -1) [potion
                  | of mutation]
 10532 | D:9      | Gained mutation: Your large and strong wings let you fly.
                  | [potion of mutation]
 10532 | D:9      | Gained mutation: Your natural rate of healing is unusually
                  | fast. [potion of mutation]
 10532 | D:9      | Gained mutation: You have sharp toenails. [potion of
                  | mutation]
 10533 | D:9      | 10533 ||| READING 2 scrolls of identify.
 10533 | D:9      | 10533 ||| IDENTIFYING grey potion
 10534 | D:9      | 10534 ||| DROPPING potion of brilliance.
 10538 | D:9      | 10538 ||| Stepping ~*~*~tactically~*~*~ (stealth).
 10668 | Temple   | Entered the Ecumenical Temple
 10688 | Temple   | 10688 ||| PLANNING OKAWARU WORSHIP
 10699 | Temple   | Fell from the grace of Ignis
 10699 | Temple   | Became a worshipper of Warmaster Okawaru
 10700 | Temple   | 10700 ||| PLANNING D:1-11
 10700 | Temple   | 10700 ||| REMOVING amulet of guardian spirit.
 10705 | Temple   | 10705 ||| DROPPING amulet of guardian spirit.
 10789 | D:9      | 10789 ||| Stepping ~*~*~tactically~*~*~ (stealth).
 10816 | D:9      | 10816 ||| Stepping ~*~*~tactically~*~*~ (stealth).
 10831 | D:9      | 10831 ||| Stepping ~*~*~tactically~*~*~ (stealth).
 10835 | D:9      | 10835 ||| Stepping ~*~*~tactically~*~*~ (stealth).
 10883 | D:9      | 10883 ||| Stepping ~*~*~tactically~*~*~ (stealth).
 10900 | D:9      | Found Ruoguel's Serpentskin Sales.
 10913 | D:9      | 10913 ||| Stepping ~*~*~tactically~*~*~ (stealth).
 10964 | D:9      | 10964 ||| Stepping ~*~*~tactically~*~*~ (hiding).
 11082 | D:9      | 11082 ||| Stepping ~*~*~tactically~*~*~ (hiding).
 11116 | D:9      | 11116 ||| Stepping ~*~*~tactically~*~*~ (stealth).
 11381 | D:9      | 11381 ||| DRINKING 2 puce potions.
 11418 | D:10     | Entered Level 10 of the Dungeon
 11451 | D:10     | 11451 ||| Stepping ~*~*~tactically~*~*~ (stealth).
 11454 | D:10     | 11454 ||| Stepping ~*~*~tactically~*~*~ (stealth).
 11456 | D:10     | 11456 ||| Stepping ~*~*~tactically~*~*~ (stealth).
 11486 | D:10     | Reached skill level 12 in Axes
 11516 | D:10     | Reached * piety under Okawaru
 11621 | D:10     | 11621 ||| Stepping ~*~*~tactically~*~*~ (hiding).
 11625 | D:10     | 11625 ||| INVOKING Heroism.
 11703 | D:10     | 11703 ||| Stepping ~*~*~tactically~*~*~ (stealth).
 11705 | D:10     | 11705 ||| INVOKING Heroism.
 11715 | D:10     | Reached skill level 6 in Shields
 11780 | D:10     | Noticed a manticore
 11781 | D:10     | 11781 ||| Stepping ~*~*~tactically~*~*~ (stealth).
 11783 | D:10     | 11783 ||| Stepping ~*~*~tactically~*~*~ (stealth).
 11805 | D:10     | You are sucked into a shaft and drop 3 floors!
 11831 | D:13     | 11831 ||| DROPPING ring of magical power.
 11832 | D:13     | 11832 ||| READING 2 scrolls of identify.
 11832 | D:13     | 11832 ||| IDENTIFYING coppery potion
 11839 | D:13     | Noticed a deep elf pyromancer
 11841 | D:13     | 11841 ||| Stepping ~*~*~tactically~*~*~ (hiding).
 11842 | D:13     | 11842 ||| Stepping ~*~*~tactically~*~*~ (hiding).
 11845 | D:13     | 11845 ||| INVOKING Heroism.
 11852 | D:13     | Killed a deep elf pyromancer
 11892 | D:12     | Noticed a deep elf pyromancer
 11905 | D:12     | 11905 ||| INVOKING Heroism.
 11906 | D:12     | 11906 ||| INVOKING Heroism.
 11910 | D:12     | Killed a deep elf pyromancer
 11990 | D:12     | 11990 ||| Stepping randomly (disturbance).
 11991 | D:12     | 11991 ||| Stepping randomly (disturbance).
 11992 | D:12     | 11992 ||| Stepping randomly (disturbance).
 11999 | D:12     | Noticed a boulder beetle
 12000 | D:12     | 12000 ||| Stepping ~*~*~tactically~*~*~ (stealth).
 12002 | D:12     | 12002 ||| Stepping ~*~*~tactically~*~*~ (stealth).
 12006 | D:12     | Reached skill level 1 in Invocations
 12006 | D:12     | 12006 ||| INVOKING Heroism.
 12022 | D:12     | 12022 ||| INVOKING Heroism.
 12036 | D:12     | Killed a boulder beetle
 12047 | D:12     | 12047 ||| Stepping ~*~*~tactically~*~*~ (stealth).
 12085 | D:12     | 12085 ||| Stepping ~*~*~tactically~*~*~ (stealth).
 12088 | D:12     | 12088 ||| Stepping ~*~*~tactically~*~*~ (stealth).
 12094 | D:12     | 12094 ||| Stepping ~*~*~tactically~*~*~ (hiding).
 12095 | D:12     | 12095 ||| Stepping ~*~*~tactically~*~*~ (hiding).
 12096 | D:12     | 12096 ||| Stepping ~*~*~tactically~*~*~ (hiding).
 12156 | D:11     | You are sucked into a shaft and drop 2 floors!
 12167 | D:13     | 12167 ||| READING scroll of enchant armour.
 12167 | D:13     | 12167 ||| ENCHANTING +2 plate armour.
 12168 | D:13     | 12168 ||| READING 2 scrolls of identify.
 12168 | D:13     | 12168 ||| IDENTIFYING viscous amethyst potion
 12235 | D:13     | 12235 ||| INVOKING Heroism.
 12269 | D:13     | Noticed a tengu warrior
 12269 | D:13     | Noticed a centaur warrior
 12269 | D:13     | Noticed a tengu warrior
 12270 | D:13     | 12270 ||| Stepping ~*~*~tactically~*~*~ (hiding).
 12273 | D:13     | Noticed a manticore
 12274 | D:13     | 12274 ||| INVOKING Heroism.
 12282 | D:13     | Killed a centaur warrior
 12283 | D:13     | Noticed a brown ugly thing
 12287 | D:13     | Killed a tengu warrior
 12288 | D:13     | Reached skill level 3 in Invocations
 12290 | D:13     | HP: 13/72 [manticore (10)]
 12291 | D:13     | 12291 ||| READING 3 scrolls of teleportation.
 12291 | D:13     | HP: 6/72 [manticore (8)]
 12291 | D:13     | HP: 1/72 [tengu warrior/+0 great sword (5)]
 12292 | D:13     | 12292 ||| DRINKING 7 potions of heal wounds.
 12293 | D:13     | 12293 ||| DRINKING 6 potions of heal wounds.
 12295 | D:13     | Killed a manticore
 12296 | D:13     | Reached XP level 12. HP: 40/77 MP: 12/14
 12407 | D:13     | Noticed Erolcha
 12408 | D:13     | 12408 ||| Stepping ~*~*~tactically~*~*~ (stealth).
 12410 | D:13     | 12410 ||| INVOKING Heroism.
 12441 | D:13     | Killed Erolcha
 12442 | D:13     | Reached skill level 13 in Axes
 12468 | D:13     | 12468 ||| READING scroll of acquirement.
 12468 | D:13     | 12468 ||| ACQUIRING +1 broad axe of venom
 12468 | D:13     | Acquired a +1 broad axe of venom
 12470 | D:13     | 12470 ||| SWAPPING to +1 broad axe of venom.
 12471 | D:13     | 12471 ||| DROPPING +0 war axe of protection.
 12492 | D:13     | You are sucked into a shaft and drop 2 floors!
 12492 | D:15     | Entered Level 15 of the Dungeon
 12534 | D:15     | Found Heituki's Assorted Antiques.
 12541 | D:15     | 12541 ||| BUYING potion of haste (290 gold).
 12541 | D:15     | Bought a potion of haste for 290 gold pieces
 12606 | D:15     | Noticed Rupert
 12607 | D:15     | 12607 ||| INVOKING Heroism.
 12622 | D:15     | Killed Rupert
 12622 | D:15     | Reached ** piety under Okawaru
 12623 | D:15     | Reached skill level 3 in Throwing
 12750 | D:15     | Noticed a fire dragon
 12751 | D:15     | 12751 ||| INVOKING Heroism.
 12754 | D:15     | Killed from afar by a fire dragon

Levels and vault maps discovered:
D:1:      dpeg_arrival_simpleton_b, layout_rooms, bh_walls_and_bars
D:2:      layout_basic
D:3:      layout_loops_cross, kennysheep_slug_shrine,
          nicolae_overflow_hallway_of_the_gods, serial_shops, shop, shop, shop,
          uniq_natasha
D:4:      layout_basic, amethyst_overflow_temple_binary,
          beargit_hepliaklqana_dungeon_heroes, minmay_temple_entry_glass,
          kennysheep_generic_room_13, uniq_menkaure, uniq_crazy_yiuf_cottage,
          uniq_edmund
D:5:      layout_cave_pods, uniq_ijyb
D:6:      layout_basic, zin_scriptorium, chequers_jeans
D:7:      layout_loops_corners
D:8:      layout_gridville, serial_shops, shop, shop, nicolae_shop_stone, shop,
          serial_co_window_serial, co_window_corner_a, co_window_paths_a,
          co_window_of_opportunity_a, co_window_paths_a, co_window_corner_a,
          co_window_of_opportunity_a, co_window_broadway_c,
          co_window_broadway_b, co_window_broadway_c, co_window_2corner,
          co_window_2corner, co_window_corner_cb, co_window_4corner_a,
          glass_columns_c, chequers_mini_garden, nicolae_shop_i_like_big_books,
          uniq_joseph, uniq_pikel
D:9:      kennysheep_housing_project, layout_loops_ring, zombieorc1_lemuel,
          guppyfry_shop_venom, uniq_maurice
D:10:     layout_basic, nicolae_trove_entry_crystal
D:11:     layout_long_grid, david_lair_shrubbed
D:12:     layout_layer_cave
D:13:     layout_basic, david_vaults_4, uniq_erolcha
D:15:     grunt_enter_depths_hoard, layout_loops_ring, serial_shops,
          nicolae_square_shop, elyvilon_altar_3, uniq_azrael, uniq_nessos,
          uniq_rupert
Temple:   nicolae_temple_ecumenical_triangle

Skill      XL: |  1  2  3  4  5  6  7  8  9 10 11 12 |
---------------+-------------------------------------+-----
Axes           | 3 4 5 6 7 8 9 11 12 13 | 13.1
Shields        | 2 3 4 5 6 |  6.1
Fighting       | 4 6 7 9 10 | 10.3
Armour         | 1 2 3 6 7 |  7.1
Throwing       | 1 3 |  3.5
Dodging        | 1 |  1.1
Invocations    | 3 4 |  4.0
Spellcasting   | |  1.0
Fire Magic     | |  3.0

Action                     |  1- 3 |  4- 6 |  7- 9 | 10-12 || total
---------------------------+-------+-------+-------+-------++-------
  Melee: Hand axe          |   117 |   122 |       |       ||   239
         War axe           |       |       |   392 |   557 ||   949
         Kick              |       |       |       |    63 ||    63
         Broad axe         |       |       |       |    11 ||    11
  Throw: Boomerang         |       |    19 |    73 |    79 ||   171
 Invoke: Fiery Armour      |     1 |     4 |     4 |     4 ||    13
         Heroism           |       |       |       |    11 ||    11
    Use: Scroll            |     5 |     4 |     7 |    11 ||    27
         Potion            |     2 |     2 |     4 |     5 ||    13
 Armour: Robe              |    25 |       |       |       ||    25
         Leather armour    |    17 |    43 |       |       ||    60
         Scale mail        |       |    16 |    72 |       ||    88
         Chain mail        |       |       |    60 |       ||    60
         Plate armour      |       |       |   121 |   423 ||   544
  Dodge: Dodged            |    93 |    62 |   144 |   160 ||   459
  Block: Buckler           |       |    13 |    58 |    91 ||   162

Table legend:
 A = Non-vault XP
 B = Vault XP
 C = Vault XP percentage of total XP
 D = Non-vault monster count
 E = Vault monster count
 F = Vault count percentage of total count
                 A         B        C        D         E       F
            +---------+---------+-------+---------+---------+-------
      Total |   14884 |    6861 |  31.6 |     221 |      73 |  24.8
            +---------+---------+-------+---------+---------+-------
        D:1 |      38 |       0 |   0.0 |      24 |       0 |   0.0
        D:2 |      65 |       0 |   0.0 |      14 |       0 |   0.0
        D:3 |     183 |      39 |  17.6 |      23 |       2 |   8.0
        D:4 |    1001 |     445 |  30.8 |      42 |       5 |  10.6
        D:5 |     807 |      36 |   4.3 |      13 |       1 |   7.1
        D:6 |     773 |       0 |   0.0 |      14 |       0 |   0.0
        D:7 |    1014 |       0 |   0.0 |      12 |       0 |   0.0
        D:8 |    2261 |    1134 |  33.4 |      24 |       2 |   7.7
        D:9 |     578 |    2566 |  81.6 |      15 |      61 |  80.3
       D:10 |    2230 |       0 |   0.0 |      22 |       0 |   0.0
       D:11 |      51 |       0 |   0.0 |       1 |       0 |   0.0
       D:12 |    2248 |       0 |   0.0 |       8 |       0 |   0.0
       D:13 |    3635 |     861 |  19.2 |       9 |       1 |  10.0
       D:15 |       0 |    1780 | 100.0 |       0 |       1 | 100.0
            +---------+---------+-------+---------+---------+-------
